 Dungeon Crawl Stone Soup version 0.31-a0-1603-gbec6b6ccbf (webtiles) character file.

Game seed: 17662391975960426614

65 pokeman the Magician (level 3, -2/20 HPs)
             Began as a Deep Elf Hedge Wizard on Jan 7, 2024.
             Slain by a ribbon worm (4 damage)
             ... on level 2 of the Dungeon.
             The game lasted 00:02:39 (2049 turns).

pokeman the Magician (Deep Elf Hedge Wizard)        Turns: 2049, Time: 00:02:40

Health: -2/20      AC:  6    Str:  7    XL:     3   Next: 92%
Magic:  0/11       EV: 12    Int: 20    God:
Gold:   108        SH:  0    Dex: 14    Spells: 4/12 levels left

rFire   . . .        a - +0 dagger
rCold   . . .        (no shield)
rNeg    . . .        b - +0 robe
rPois   .            c - +0 hat
rElec   .            q - +0 cloak
rCorr   +            k - +2 pair of gloves {hurl}
SInv    .            (no boots)
Will    .....        (no amulet)
Stlth   ++           g - ring of resist corrosion
HPRegen 0.23/turn    (no ring)
MPRegen 0.12/turn

%: no passive effects
@: on blink cooldown
A: no striking features
a: no special abilities


You were on level 2 of the Dungeon.
You visited 1 branch of the dungeon, and saw 3 of its levels.

You collected 108 gold pieces.

Inventory:

Hand Weapons
 a - a +0 dagger (weapon)
Armour
 b - a +0 robe (worn)
 c - a +0 hat (worn)
 j - an orb of energy
 k - a +2 pair of gloves of hurling (worn)
 q - a +0 cloak (worn)
Magical Staves
 f - a staff of conjuration
Jewellery
 g - a ring of resist corrosion (left hand)
Scrolls
 h - 2 scrolls of enchant armour {unknown}
 i - 2 scrolls of silence {unknown}
 o - a scroll of noise {unknown}
Potions
 d - a potion of magic
 e - 2 potions of curing {unknown}
 l - a potion of heal wounds {unknown}
 m - a potion of attraction {unknown}
 n - a potion of degeneration {unknown}
 p - a potion of enlightenment {unknown}


   Skills:
 - Level 1.0 Fighting
 - Level 1.1 Armour
 + Level 2.5 Dodging
 + Level 2.4 Stealth
 * Level 5.4 Spellcasting
 + Level 2.1 Conjurations
 - Level 1.1 Summonings
 - Level 1.1 Translocations


You had 4 spell levels left.
You knew the following spells:

 Your Spells              Type           Power      Damage    Failure   Level
a - Magic Dart            Conj           52%        1d5       4%          1
b - Mephitic Cloud        Conj/Alch/Air  8%         N/A       26%         3
c - Call Imp              Summ           18%        N/A       11%         2
d - Blink                 Tloc           18%        N/A       11%         2

Your spell library contained the following spells:

 Spells                   Type           Power      Damage    Failure   Level
 Slow                     Hex            20%        N/A       11%         1
 Cigotuvi's Dreadful Rot  Necr/Alch/Air  10%        N/A       17%         2


Dungeon Overview and Level Annotations

Branches:
Dungeon (3/15)

Altars:
Trog

Shops:
D:3 (


Message History

You miscast Mephitic Cloud.
Nothing appears to happen.
The ribbon worm expels a string of sticky webbing.
The stream of webbing hits you but does no damage.
You are caught in a web!
The web tears apart.
A hobgoblin comes into view.
It is wielding the +7 whip of Cruel Justice {holy, Fly Str+3}.
The hobgoblin shouts!
The ribbon worm expels a string of sticky webbing.
The stream of webbing hits you but does no damage.
You are caught in a web!
The hobgoblin moves out of view.
There is a web here.
You struggle to detach yourself from the web.
The web tears apart.
The ribbon worm expels a string of sticky webbing.
The stream of webbing hits you but does no damage.
You are caught in a web!
The web tears apart.
The hobgoblin hits you with the +7 whip of Cruel Justice {holy, Fly Str+3}.
The ribbon worm attacks as it pursues you!
The ribbon worm barely misses you.
The hobgoblin attacks as it pursues you!
The hobgoblin hits you with the +7 whip of Cruel Justice {holy, Fly Str+3}!
The hobgoblin attacks as it pursues you!
The hobgoblin misses you.
The hobgoblin attacks as it pursues you!
The hobgoblin hits you with the +7 whip of Cruel Justice {holy, Fly Str+3}!
Ouch! That really hurt!
* * * LOW HITPOINT WARNING * * *
Casting: Mephitic Cloud (extremely dangerous; 26% risk of failure)
Confirm with . or Enter, or press ? or * to list all spells.
You blink.
Your magical contamination has completely faded away.
The ribbon worm expels a string of sticky webbing.
The stream of webbing hits you but does no damage.
You are caught in a web!
There is a web here.
The web tears apart.
The ribbon worm attacks as it pursues you!
The ribbon worm bites you.
You die...

#.#....##.............
##..)÷........#........
##......................
#.<#÷....##......<......
#..##......#....###......
#.##..................###
....#..#.....#.....#.####
...........#......##.#
#.....#.....@...######.#
#.....#..#..gw..# #.#
#........#......# ##.# ..
##.........# ##..#
#..#..........####..##
#.[...#.#####......##
#...#...# #....###
#...#.#.#####.#.######
#.......<#....#......#


You could see a ribbon worm and a hobgoblin.

Vanquished Creatures
  An adder (D:2)
  3 dart slugs
  2 endoplasms (D:1)
  4 giant cockroaches (D:1)
  3 goblins (D:1)
  3 hobgoblins (D:1)
  7 jackals (D:1)
  A kobold (D:2)
  3 quokkas
  6 ball pythons
  3 bats (D:1)
  2 frilled lizards
  7 rats
45 creatures vanquished.

Notes
Turn   | Place    | Note
-------+----------+-------------------------------------------
     0 | D:1      | pokeman the Deep Elf Hedge Wizard began the quest for the
                  | Orb.
     0 | D:1      | Reached XP level 1. HP: 10/10 MP: 7/7
     2 | D:1      | Noticed a demonspawn
     2 | D:1      | Noticed an elf
     4 | D:1      | Noticed an octopode
     6 | D:1      | Noticed an oni
     6 | D:1      | Noticed a vine stalker
     8 | D:1      | Noticed a gargoyle
     8 | D:1      | Noticed a naga
    10 | D:1      | Noticed a demigod
    10 | D:1      | Noticed a troll
    12 | D:1      | Noticed a vampire
    12 | D:1      | Noticed a djinni
    14 | D:1      | Noticed a human
    14 | D:1      | Noticed a tengu
    16 | D:1      | Noticed a merfolk
    16 | D:1      | Noticed an armataur
    18 | D:1      | Noticed a formicid
    18 | D:1      | Noticed a spriggan
    20 | D:1      | Noticed a barachi
    22 | D:1      | Noticed a draconian
    22 | D:1      | Noticed a felid
    26 | D:1      | Noticed a ghoul
    26 | D:1      | Noticed a minotaur
   229 | D:1      | Reached XP level 2. HP: 15/15 MP: 2/9
   762 | D:1      | Reached skill level 5 in Spellcasting
   892 | D:1      | Reached XP level 3. HP: 20/20 MP: 9/11
   900 | D:1      | Learned a level 3 spell: Mephitic Cloud
   903 | D:1      | Learned a level 2 spell: Call Imp
   906 | D:1      | Learned a level 2 spell: Blink
  1053 | D:1      | Reached skill level 1 in Armour
  1599 | D:2      | Reached skill level 1 in Fighting
  1686 | D:2      | You fall into a shaft and drop 1 floor!
  1686 | D:3      | Found a bloodstained altar of Trog.
  1766 | D:3      | Found Bojysid's Antique Weapon Boutique.
  2034 | D:2      | Identified the +7 whip of Cruel Justice {holy, Fly Str+3}
  2044 | D:2      | HP: 1/20 [hobgoblin/the +7 whip of Cruel Justice {holy, Fly
                  | Str+3} (10)]
  2049 | D:2      | Slain by a ribbon worm

Illustrated notes

Levels and vault maps discovered:
D:1:      kb_arrival_jail, layout_loops_ring, chequers_serial_rivers_micro_e
D:2:      layout_rooms, uniq_robin, uniq_natasha
D:3:      layout_loops_ring, lightli_temple_of_fire, serial_shops, shop,
          chequers_avenue

Skill      XL: |  1  2  3 |
---------------+----------+-----
Spellcasting   | 5 |  5.4
Armour         | 1 |  1.1
Conjurations   | 2 |  2.1
Fighting       | 1 |  1.0
Dodging        | |  2.5
Stealth        | |  2.4
Summonings     | |  1.1
Translocations | |  1.1

Action                     || total
---------------------------++-------
  Melee: Dagger            ||    37
         Punch             ||     1
   Cast: Magic Dart        ||   113
         Blink             ||     1
 Armour: Robe              ||    40
  Dodge: Dodged            ||    67

Table legend: (Time is in decaauts)
 A = Elapsed time spent in this place.
 B = Non-inter-level travel time spent in this place.
 C = Inter-level travel time spent in this place.
 D = Time resting spent in this place.
 E = Time spent auto-exploring this place.
 F = Levels seen in this place.
 G = Mean time per level.
                   A        B        C        D        E       F      G
               +--------+--------+--------+--------+--------+-----+--------+
         Total |   2047 |   2018 |     29 |      2 |   1718 |   3 |  682.3 |
       Dungeon |   2047 |   2018 |     29 |      2 |   1718 |   3 |  682.3 |
               +--------+--------+--------+--------+--------+-----+--------+

Top non-repeatable levels by time:
     D:1: 1528 daAuts
     D:2: 298 daAuts
     D:3: 220 daAuts
